 Dungeon Crawl Stone Soup version 0.27-a0-385-g3208abaabc (webtiles) character file.

Game seed: 6126944576278920496

3486 ReteAZ the Blocker (level 10, -4/80 HPs)
             Began as a Gnoll Fighter on Feb 18, 2021.
             Was a Believer of Okawaru.
             Slain by an orc warrior
             ... wielding a +4 short sword of protection
              (13 damage)
             ... on level 8 of the Dungeon.
             The game lasted 00:10:27 (7479 turns).

ReteAZ the Blocker (Gnoll Fighter)                  Turns: 7479, Time: 00:10:27

Health: -4/80      AC: 13    Str: 22    XL:     10   Next: 7%
Magic:  17/17      EV: 11    Int: 11    God:    Okawaru [**....]
Gold:   272        SH: 11    Dex: 11    Spells: 18/18 levels left

rFire    . . .     SeeInvis +   t - +2 long sword (vamp)
rCold    + . .     Faith    .   c - +0 kite shield
rNeg     . . .     Spirit   .   B - +2 ring mail {rC+}
rPois    .         Reflect  .   (no helmet)
rElec    .         Harm     .   (no cloak)
rCorr    .         Rampage  +   J - +1 pair of gloves
Will     .....                  K - +1 pair of boots {rampage}
Stlth    ++........             C - amulet of regeneration
HPRegen  1.23/turn              L - ring of see invisible
MPRegen  0.15/turn              l - +6 ring of strength

@: lethally poisoned (-4 -> -4)
A: distributed training, fangs 1, strong nose
a: Renounce Religion, Heroism


You were on level 8 of the Dungeon.
You worshipped Okawaru.
Okawaru was pleased with you.
You visited 2 branches of the dungeon, and saw 9 of its levels.

You collected 503 gold pieces.
You spent 231 gold pieces at shops.

Inventory:

Hand Weapons
 a - a +0 rapier
 d - a +0 dagger of venom
 t - a +2 vampiric long sword (weapon)
 v - a +2 falchion of flaming
 D - a +2 vampiric falchion
 Q - a +1 halberd of venom
Missiles
 r - 21 poisoned darts (quivered)
 H - 3 curare-tipped darts
Armour
 b - a +0 scale mail
 c - a +0 kite shield (worn)
 e - a +0 chain mail
 w - a +0 pair of boots
 B - a +2 ring mail of cold resistance (worn)
 I - a +2 robe of cold resistance
 J - a +1 pair of gloves (worn)
 K - a +1 pair of boots of rampaging (worn)
Jewellery
 k - a ring of positive energy
 l - a +6 ring of strength (right hand)
 o - a +6 ring of dexterity
 C - an amulet of regeneration (around neck)
 L - a ring of see invisible (left hand)
 P - a ring of willpower {unknown}
Wands
 O - a wand of iceblast (8)
Scrolls
 g - 3 scrolls of identify
 i - 3 scrolls of magic mapping {unknown}
 j - 3 scrolls of teleportation
 p - a scroll of fog {unknown}
 q - 2 scrolls of immolation {unknown}
 u - a scroll of noise {unknown}
 y - a scroll of enchant armour {unknown}
 z - a scroll of silence {unknown}
 A - a scroll of amnesia {unknown}
 E - a scroll of holy word {unknown}
 M - a scroll of random uselessness {unknown}
Potions
 f - a potion of mutation
 h - 2 potions of attraction
 m - 2 potions of lignification
 n - a potion of cancellation
 s - a potion of curing
 x - a potion of heal wounds
 F - a potion of haste
 G - a potion of invisibility
 N - a potion of resistance {unknown}


   Skills:
 + Level 8.3 Fighting
 + Level 6.8 Short Blades
 + Level 4.9 Long Blades
 + Level 4.9 Axes
 + Level 4.9 Maces & Flails
 + Level 4.9 Polearms
 + Level 4.9 Staves
 + Level 4.9 Slings
 + Level 4.9 Bows
 + Level 4.9 Crossbows
 + Level 4.9 Throwing
 + Level 8.3 Armour
 + Level 4.9 Dodging
 + Level 4.9 Stealth
 + Level 8.3 Shields
 + Level 4.9 Unarmed Combat
 + Level 4.9 Spellcasting
 + Level 4.0 Conjurations
 + Level 4.0 Hexes
 + Level 4.0 Summonings
 + Level 4.0 Necromancy
 + Level 4.0 Translocations
 + Level 4.0 Transmutations
 + Level 4.0 Fire Magic
 + Level 4.0 Ice Magic
 + Level 4.0 Air Magic
 + Level 4.0 Earth Magic
 + Level 4.0 Poison Magic
 + Level 5.4 Invocations
 + Level 4.9 Evocations


You had 18 spell levels left.
You didn't know any spells.
Your spell library contained the following spells:

 Spells                   Type           Power        Failure   Level
 Shock                    Conj/Air       44%          14%         1
 Ignite Poison            Fire/Tmut/Pois 11%          41%         3


Dungeon Overview and Level Annotations

Branches:
Dungeon (8/15)             Temple (1/1) D:7            Lair (0/6) D:8

Altars:
Ashenzari
Cheibriados
Dithmenos
Hepliaklqana
Kikubaaqudgha
Makhleb
Nemelex Xobeh
Okawaru
Qazlal
Sif Muna
Trog
Uskayaw
Vehumet
Wu Jian
Xom
Zin
The Shining One
Jiyva

Shops:
D:5 [


Innate Abilities, Weirdness & Mutations

Your experience applies equally to all skills.
You have very sharp teeth.
Your uncanny sense of smell can sniff out nearby items.


Message History

The orc warrior splashes around in the water.
You hit the orc priest.
You kill the orc priest!
Okawaru accepts your kill.
You feel sick.
The orc warrior hits you with a +4 short sword of protection!
You barely miss the orc warrior.
The orc warrior is lightly wounded.
You block the orc warrior's attack.
The orc warrior splashes around in the water.
You hit the orc warrior.
You feel better.
Your bite misses the orc warrior.
The orc warrior is moderately wounded.
You feel sick. The orc warrior misses you.
You riposte.
You hit the orc warrior.
The orc warrior is moderately wounded.
You slash the orc warrior!
You feel better.
The orc warrior is severely wounded.
The orc warrior hits you but does no damage.
You hit the orc warrior but do no damage.
The orc warrior is severely wounded.
The orc warrior barely misses you.
The orc warrior splashes around in the water.
You slash the orc warrior! You bite the orc warrior.
The orc warrior is almost dead.
You feel sick.
The orc warrior hits you with a +4 short sword of protection!
You barely miss the orc warrior.
The orc warrior is almost dead.
The orc warrior barely misses you.
You closely miss the orc warrior.
The orc warrior is almost dead.
The orc warrior hits you with a +4 short sword of protection!
* * * LOW HITPOINT WARNING * * *
You hit the orc warrior but do no damage.
The orc warrior is almost dead.
You feel sick.
The orc warrior hits you with a +4 short sword of protection!
* * * LOW HITPOINT WARNING * * *
The orc warrior hits you with a +4 short sword of protection!
You die...

#.......#####
............#
........$...####
................
............##
########.....#
≈≈≈≈≈#.....##
#≈♣.♣≈#..[...#
+.._.@)......##
#≈♣.♣o#..##...#
≈≈≈≈≈#..##...##
#######.####...##
### #....######
##...#...#.
##........
#........
##......#


You could see an orc warrior.

Vanquished Creatures
  A troll (D:8)
  A ynoxinul (D:8)
  2 sky beasts (D:7)
  4 orc warriors
  An ice beast (D:7)
  A centaur (D:7)
  6 ogres
  2 bullfrogs
  3 kobold brigands (D:6)
  3 scorpions
  6 killer bees (D:8)
  An electric eel (D:6)
  A centaur zombie (D:5)
  A bullfrog zombie (D:5)
  2 jellies
  A hound (D:7)
  4 orc priests
  A centaur skeleton (D:7)
  A bullfrog skeleton (D:5)
  10 orc wizards
  A worker ant (D:4)
  2 hound zombies
  17 gnolls
  3 howler monkey skeletons
  7 adders
  A shadow imp (D:7)
  2 white imps
  An ooze (D:1)
  2 adder skeletons (D:4)
  An adder zombie (D:5)
  2 worms
  5 dart slugs
  3 leopard geckos
  25 orcs
  2 ball pythons
  3 giant cockroaches
  8 hobgoblins
  8 jackals
  45 kobolds
  9 quokkas
  3 bats (D:1)
  9 frilled lizards
  6 goblins
  A leopard gecko zombie (D:7)
  A quokka zombie (D:5)
  10 rats
229 creatures vanquished.

Vanquished Creatures (others)
  5 fungi (D:8)
  9 plants
14 creatures vanquished.

Grand Total: 243 creatures vanquished

Notes
Turn   | Place    | Note
-------+----------+-------------------------------------------
     0 | D:1      | ReteAZ the Gnoll Fighter began the quest for the Orb.
     0 | D:1      | Reached XP level 1. HP: 23/23 MP: 1/1
   115 | D:1      | Reached XP level 2. HP: 29/29 MP: 2/2
   339 | D:1      | Reached XP level 3. HP: 31/35 MP: 3/3
   629 | D:1      | Reached skill level 1 in Invocations
   964 | D:2      | Reached skill level 1 in Long Blades
   964 | D:2      | Reached skill level 1 in Axes
   964 | D:2      | Reached skill level 1 in Maces & Flails
   964 | D:2      | Reached skill level 1 in Polearms
   964 | D:2      | Reached skill level 1 in Staves
   964 | D:2      | Reached skill level 1 in Slings
   964 | D:2      | Reached skill level 1 in Bows
   964 | D:2      | Reached skill level 1 in Crossbows
   964 | D:2      | Reached skill level 1 in Throwing
   964 | D:2      | Reached skill level 1 in Dodging
   964 | D:2      | Reached skill level 1 in Stealth
   964 | D:2      | Reached skill level 1 in Unarmed Combat
   964 | D:2      | Reached skill level 1 in Spellcasting
   964 | D:2      | Reached skill level 1 in Evocations
  1101 | D:2      | Reached XP level 4. HP: 41/41 MP: 5/5
  1790 | D:3      | Found a shimmering altar of Xom.
  1794 | D:3      | Found a broken altar of Ashenzari.
  1949 | D:3      | Reached skill level 1 in Conjurations
  1949 | D:3      | Reached skill level 1 in Hexes
  1949 | D:3      | Reached skill level 1 in Summonings
  1949 | D:3      | Reached skill level 1 in Necromancy
  1949 | D:3      | Reached skill level 1 in Translocations
  1949 | D:3      | Reached skill level 1 in Transmutations
  1949 | D:3      | Reached skill level 1 in Fire Magic
  1949 | D:3      | Reached skill level 1 in Ice Magic
  1949 | D:3      | Reached skill level 1 in Air Magic
  1949 | D:3      | Reached skill level 1 in Earth Magic
  1949 | D:3      | Reached skill level 1 in Poison Magic
  2428 | D:4      | Reached XP level 5. HP: 40/47 MP: 5/7
  2899 | D:4      | Reached XP level 6. HP: 53/53 MP: 8/8
  3439 | D:5      | Entered Level 5 of the Dungeon
  3442 | D:5      | Found a hide-covered altar of Uskayaw.
  3492 | D:5      | Found an iron altar of Okawaru.
  3508 | D:5      | Reached skill level 5 in Short Blades
  3707 | D:5      | Found Ypyucat's Armour Emporium.
  3865 | D:5      | Reached XP level 7. HP: 59/59 MP: 10/10
  4171 | D:5      | Found a radiant altar of Vehumet.
  4746 | D:6      | Reached XP level 8. HP: 67/67 MP: 12/12
  5578 | D:7      | Found a staircase to the Ecumenical Temple.
  5608 | Temple   | Entered the Ecumenical Temple
  5889 | D:5      | Bought a +1 pair of boots of rampaging for 231 gold pieces
  6005 | D:5      | Became a worshipper of Warmaster Okawaru
  6127 | D:7      | Reached XP level 9. HP: 73/73 MP: 14/14
  6128 | D:7      | Found a glowing golden altar of the Shining One.
  6465 | D:7      | Reached * piety under Okawaru
  6815 | D:8      | Noticed a troll
  6824 | D:8      | Killed a troll
  6828 | D:8      | Found a bloodstained altar of Trog.
  6843 | D:8      | Reached skill level 5 in Invocations
  6872 | D:8      | Found a shimmering blue altar of Sif Muna.
  6875 | D:8      | Identified Sif Muna's Compendium of Nocuous Confrontation
  6987 | D:8      | Reached ** piety under Okawaru
  7079 | D:8      | Found a staircase to the Lair.
  7112 | D:8      | HP: 3/74 [poisoned by an orc warrior]
  7258 | D:8      | Reached XP level 10. HP: 69/80 MP: 17/17
  7459 | D:8      | Found a burning altar of Makhleb.
  7479 | D:8      | Slain by an orc warrior

Illustrated notes

Levels and vault maps discovered:
D:1:      amcnicky_arrival_double_pillar, layout_rooms
D:2:      minmay_kobold_bridge, layout_loops_ring, hangedman_decor_opposing,
          minmay_misc_feat_rugged
D:3:      layout_rooms, nicolae_overflow_hidden_temple, minmay_statues_item
D:4:      layout_basic
D:5:      layout_rooms, lemuel_round_altar, old_standard_altar,
          general_overflow_altar, serial_shops, shop, serial_curves,
          eino_curves_04, eino_curves_04
D:6:      minmay_goblin_kobold_castle, layout_basic, nrook_mini_vaults
D:7:      layout_loops_cross, tso_oasis_becter, minmay_temple_entry_hall
D:8:      layout_cave_pods, nzn_overflow_gifts_of_might_and_magic,
          kennysheep_little_box, dpeg_oklobed_lair, grunt_decor_clamped
Temple:   pf_slime_end_temple

Skill      XL: |  1  2  3  4  5  6  7  8  9 10 |
---------------+-------------------------------+-----
Invocations    | 1 2 3 4 5 |  5.4
Long Blades    | 1 2 3 4 |  4.9
Axes           | 1 2 3 4 |  4.9
Maces & Flails | 1 2 3 4 |  4.9
Polearms       | 1 2 3 4 |  4.9
Staves         | 1 2 3 4 |  4.9
Slings         | 1 2 3 4 |  4.9
Bows           | 1 2 3 4 |  4.9
Crossbows      | 1 2 3 4 |  4.9
Throwing       | 1 2 3 4 |  4.9
Dodging        | 1 2 3 4 |  4.9
Stealth        | 1 2 3 4 |  4.9
Unarmed Combat | 1 2 3 4 |  4.9
Spellcasting   | 1 2 3 4 |  4.9
Evocations     | 1 2 3 4 |  4.9
Conjurations   | 1 2 3 4 |  4.0
Hexes          | 1 2 3 4 |  4.0
Summonings     | 1 2 3 4 |  4.0
Necromancy     | 1 2 3 4 |  4.0
Translocations | 1 2 3 4 |  4.0
Transmutations | 1 2 3 4 |  4.0
Fire Magic     | 1 2 3 4 |  4.0
Ice Magic      | 1 2 3 4 |  4.0
Air Magic      | 1 2 3 4 |  4.0
Earth Magic    | 1 2 3 4 |  4.0
Poison Magic   | 1 2 3 4 |  4.0
Short Blades   | 5 6 |  6.8
Fighting       | 7 8 |  8.3
Armour         | 7 8 |  8.3
Shields        | 7 8 |  8.3

Action                   |  1- 3 |  4- 6 |  7- 9 | 10-12 || total
-------------------------+-------+-------+-------+-------++-------
Melee: Rapier            |   135 |    87 |       |       ||   222
       Bite              |     7 |    25 |    87 |     4 ||   123
       Long sword        |       |   120 |   446 |    50 ||   616
Throw: Dart              |       |       |    20 |       ||    20
Evoke: Wand              |       |       |     1 |       ||     1
  Use: Scroll            |       |       |     6 |       ||     6
       Potion            |       |       |     6 |       ||     6
 Stab: Sleeping          |       |       |     1 |       ||     1
Armor: Scale mail        |    49 |       |       |       ||    49
       Chain mail        |    31 |   112 |   123 |       ||   266
       Skin              |       |       |    52 |       ||    52
       Ring mail         |       |       |    84 |    13 ||    97
Dodge: Dodged            |    33 |    65 |   174 |    20 ||   292
Block: Kite shield       |    96 |   126 |   320 |    32 ||   574
       Rpst.: Long sword |       |    14 |    47 |     4 ||    65

Table legend: (Time is in decaauts)
 A = Elapsed time spent in this place.
 B = Non-inter-level travel time spent in this place.
 C = Inter-level travel time spent in this place.
 D = Time resting spent in this place.
 E = Time spent auto-exploring this place.
 F = Levels seen in this place.
 G = Mean time per level.
                   A        B        C        D        E       F      G
               +--------+--------+--------+--------+--------+-----+--------+
         Total |   7773 |   7179 |    594 |    202 |   5021 |   9 |  863.7 |
       Dungeon |   7641 |   7060 |    581 |    202 |   4903 |   8 |  955.1 |
        Temple |    132 |    119 |     13 |      0 |    118 |   1 |  132.0 |
               +--------+--------+--------+--------+--------+-----+--------+

Top non-repeatable levels by time:
     D:6: 1444 daAuts
     D:4: 1102 daAuts
     D:5: 1087 daAuts
     D:2: 982 daAuts
     D:7: 904 daAuts
     D:1: 815 daAuts
     D:8: 678 daAuts
     D:3: 625 daAuts
  Temple: 132 daAuts
